Harfangs vs Wolves
Created - 1 décembre 2013 at 22:10
Goals
|
| Harfangs |
2 |
0 |
2 |
4 |
| Wolves |
1 |
3 |
2 |
6 |
|
Shots
|
| Harfangs |
20 |
4 |
13 |
37 |
| Wolves |
9 |
20 |
8 |
37 |
|
1st period
1. Harfangs , Eric Godard 6 (Boyd Gordon, Peter Olvecky) at 7:08
2. Wolves , Chris Neil 12 (Mike Zigomanis) at 14:46
3. Harfangs , Boyd Gordon 8 (Eric Godard, Sergei Kostitsyn) at 16:21
Penalties :
Brian Lashoff (BEA) for Hooking (Minor) at 2:40
2nd period
4. Wolves , Rich Peverley 14 (Alexander Perezhogin) at 4:22
5. Wolves , Milan Bartovic 5 (Dan Fritsche) at 9:20
6. Wolves , Alexander Perezhogin 10 (Rich Peverley) at 18:55
Penalties :
Nate Guenin (Min) for Tripping (Minor) at 4:41, Sasha Pokulok (BEA) for Hooking (Minor) at 6:47, Stefan Ruzicka (BEA) for Interference (Minor) at 12:31
3rd period
7. Harfangs , Luca Caputi 1 (Victor Bartley, Alex Killorn) at 5:46
8. Wolves , Chris Neil 13 (Alexander Perezhogin, Bruno Gervais) at 8:09
9. Harfangs , Boyd Gordon 9 (Stefan Ruzicka, Andrew Orpik) at 8:30
10. Wolves , Chris Neil 14 (Mike Zigomanis) at 14:09
Penalties :
Matt Gilroy (Min) for Interference (Minor) at 6:53, Sergei Kostitsyn (BEA) for Slashing (Minor) at 6:53, Petri Kontiola (BEA) for Roughing (Minor) at 14:43, Mike Sislo (Min) for Holding (Minor) at 18:07
Goalie Stats
Ray Emery (BEA), 31 saves from 37 shots - (0,838), L, 7-5-1, 60:00 minutes
Loïc Lacasse (Min), 33 saves from 37 shots - (0,892), W, 2-3-0, 60:00 minutes
Players Stats for Harfangs
Player Name G A P +/- PIM S H SB GA TA FO MP PP MP PK MP
------------------------------------------------------------------------------------
Alex Killorn 0 1 1 0 0 3 1 2 0 1 5/8 7:55 0:05 0:00
Alexandre Picard 0 0 0 -3 0 2 1 2 0 2 0/0 28:29 2:16 4:53
Andrew Orpik 0 1 1 0 0 1 1 6 0 1 0/0 19:45 1:35 3:22
Boyd Gordon 2 1 3 2 0 6 3 0 2 0 17/29 20:47 1:44 2:48
Brian Lashoff 0 0 0 1 2 0 0 1 0 1 0/0 13:02 0:00 0:49
Dustin Jeffrey 0 0 0 -1 0 2 0 0 0 0 0/0 12:23 0:00 1:58
Eric Godard 1 1 2 0 0 3 6 2 2 0 6/9 23:21 1:39 4:06
Luca Caputi 1 0 1 0 0 3 0 0 0 0 0/0 7:35 0:00 0:00
Michal Repik 0 0 0 0 0 1 0 0 0 0 0/0 7:35 0:00 0:00
Nick Holden 0 0 0 1 0 1 0 1 0 1 0/0 12:08 0:00 0:00
Pavel Vorobiev 0 0 0 -3 0 4 3 0 1 0 0/0 20:34 2:07 3:54
Peter Olvecky 0 1 1 -2 0 4 0 0 1 0 0/1 14:59 2:07 1:14
Petri Kontiola 0 0 0 -2 2 0 1 0 2 0 7/12 13:44 2:07 0:00
Sasha Pokulok 0 0 0 -3 2 0 2 2 0 1 0/0 27:20 2:16 3:45
Sergei Kostitsyn 0 1 1 1 2 3 2 0 0 0 3/3 17:14 1:39 0:00
Stefan Ruzicka 0 1 1 0 2 3 0 1 1 0 0/0 13:26 0:00 1:52
Stephane Da Costa 0 0 0 -1 0 1 0 1 0 0 1/4 10:20 0:05 0:00
Victor Bartley 0 1 1 0 0 0 1 0 0 0 0/0 19:23 1:35 3:03
Players Stats for Wolves
Player Name G A P +/- PIM S H SB GA TA FO MP PP MP PK MP
------------------------------------------------------------------------------------
Alexander Perezhogin 1 2 3 2 0 4 6 1 2 0 0/0 19:05 2:43 2:18
Bruno Gervais 0 1 1 1 0 1 0 4 2 2 0/0 28:19 5:28 2:31
Chris Neil 3 0 3 1 0 6 2 0 1 1 3/8 24:12 4:44 2:12
Chris Terry 0 0 0 0 0 1 0 0 0 0 1/1 8:20 0:00 0:00
Cody McLeod 0 0 0 0 0 5 1 1 2 0 2/3 21:09 4:56 0:48
Dan Fritsche 0 1 1 1 0 2 0 1 0 0 1/2 10:31 0:11 0:13
Geoff Paukovich 0 0 0 1 0 2 1 0 0 1 1/1 10:07 0:00 0:00
Hunter Tremblay 0 0 0 0 0 0 0 0 0 0 0/0 0:00 0:00 0:00
Jonas Junland 0 0 0 1 0 0 1 0 0 1 0/0 9:03 0:00 0:00
Kevin Veilleux 0 0 0 0 0 0 0 0 0 0 0/0 0:00 0:00 0:00
Logan MacMillan 0 0 0 0 0 0 0 0 0 0 0/0 0:00 0:00 0:00
Marc Methot 0 0 0 0 0 0 1 1 0 2 0/0 18:27 2:28 1:20
Marc-André Gragnani 0 0 0 2 0 0 0 0 0 1 0/0 10:03 0:00 1:21
Mark Fayne 0 0 0 -1 0 0 0 0 0 0 0/0 4:32 0:00 0:00
Mark Katic 0 0 0 -1 0 0 0 0 0 0 0/0 4:32 0:00 0:00
Matt Gilroy 0 0 0 1 2 0 1 0 0 0 0/0 18:06 2:28 1:20
Mike Sislo 0 0 0 1 2 1 3 0 0 0 0/0 15:03 2:49 0:00
Mike Zigomanis 0 2 2 -1 0 3 4 0 0 0 13/33 21:17 4:59 0:44
Milan Bartovic 1 0 1 1 0 1 0 1 0 0 0/0 10:52 0:37 0:00
Nate Guenin 0 0 0 1 2 4 2 0 0 1 0/0 27:03 5:28 1:10
Nathan Davis 0 0 0 0 0 3 0 0 0 0 2/5 9:03 0:00 0:43
Petr Kalus 0 0 0 0 0 0 0 0 0 0 0/0 0:00 0:00 0:00
Rich Peverley 1 1 2 0 0 2 0 0 0 0 4/13 16:03 2:49 0:44
Stefan Chaput 0 0 0 0 0 0 0 0 0 0 0/0 0:00 0:00 0:00
Tim Crowder 0 0 0 0 0 2 0 0 0 0 0/0 8:20 0:00 0:00
3 Stars
1 - Chris Neil (Min)
2 - Boyd Gordon (BEA)
3 - Alexander Perezhogin (Min)
Power Play
Harfangs - 0 on 2 Attempt(s) - 0,00%
Wolves - 0 on 4 Attempt(s) - 0,00%
Penalty Kill
Harfangs - 4 on 4 Attempt(s) - 100,00%
- Score 0 goal in Penalty Kill
Wolves - 2 on 2 Attempt(s) - 100,00%
- Score 0 goal in Penalty Kill
Official
Referees : Rooney Chris and Devorski Paul
Linesman : Bryan Pancich and Pierre Racicot
Game Notes
Chris Neil has scored a Hat Trick!
Finance
Level 1 -- Attendance: 1486 (74,30%) -- Ticket Income 52 010 $
Level 2 -- Attendance: 737 (73,70%) -- Ticket Income 11 055 $
Total Attendance: 2223 (74,10%)
Total Ticket Income: 63 065 $
Other Income: 3 153 $
Total Income: 66 218 $
Harfangs
5 vs 5 Forward
Center Left Wing Right Wing Time % Phy DF OF
1 Boyd Gordon Sergei Kostitsyn Eric Godard 40 1 2 2
2 Petri Kontiola Peter Olvecky Pavel Vorobiev 30 1 2 2
3 Stephane Da Costa Dustin Jeffrey Stefan Ruzicka 20 1 2 2
4 Alex Killorn Luca Caputi Michal Repik 10 1 2 2
5 vs 5 Defense
Defense Defense Time % Phy DF OF
1 Alexandre Picard Sasha Pokulok 40 1 2 2
2 Andrew Orpik Victor Bartley 30 1 2 2
3 Nick Holden Brian Lashoff 20 1 2 2
4 Alexandre Picard Sasha Pokulok 10 1 2 2
PowerPlay Forward
Center Left Wing Right Wing Time % Phy DF OF
1 Boyd Gordon Sergei Kostitsyn Eric Godard 60 1 2 2
2 Petri Kontiola Peter Olvecky Pavel Vorobiev 40 1 2 2
PowerPlay Defense
Defense Defense Time % Phy DF OF
1 Alexandre Picard Sasha Pokulok 60 1 2 2
2 Andrew Orpik Victor Bartley 40 1 2 2
Penalty Kill 4 Players Forward
Center Wing Time % Phy DF OF
1 Eric Godard Pavel Vorobiev 60 1 2 2
2 Boyd Gordon Stefan Ruzicka 40 1 2 2
Penalty Kill 4 Players Defense
Defense Defense Time % Phy DF OF
1 Alexandre Picard Sasha Pokulok 60 1 2 2
2 Andrew Orpik Victor Bartley 40 1 2 2
Penalty Kill - 3 Players Forward
Forward Time % Phy DF OF
1 Eric Godard 60 1 2 2
2 Pavel Vorobiev 40 1 2 2
Penalty Kill - 3 Players Defense
Defense Defense Time % Phy DF OF
1 Alexandre Picard Sasha Pokulok 60 1 2 2
2 Andrew Orpik Victor Bartley 40 1 2 2
4 vs 4 Forward
Center Wing Time % Phy DF OF
1 Eric Godard Pavel Vorobiev 60 1 2 2
2 Boyd Gordon Stefan Ruzicka 40 1 2 2
4 vs 4 Defense
Defense Defense Time % Phy DF OF
1 Alexandre Picard Sasha Pokulok 60 1 2 2
2 Andrew Orpik Victor Bartley 40 1 2 2
Last Minutes Offensive
Center Left Wing Right Wing Defense Defense
Boyd Gordon Sergei Kostitsyn Eric Godard Alexandre Picard Sasha Pokulok
Last Minutes Defensive
Center Left Wing Right Wing Defense Defense
Boyd Gordon Sergei Kostitsyn Eric Godard Alexandre Picard Sasha Pokulok
Goaltenders
Starting : Ray Emery
Backup : Marek Schwarz
Extra Forwards
Normal : Stephane Da Costa, Alex Killorn, Dustin Jeffrey - PP : Stephane Da Costa, Alex Killorn - PK : Dustin Jeffrey
Extra Defensemen
Normal : Nick Holden, Brian Lashoff, Andrew Orpik - PP : Nick Holden - PK : Brian Lashoff, Andrew Orpik
Penalty Shots
Eric Godard, Pavel Vorobiev, Boyd Gordon, Stefan Ruzicka, Sergei Kostitsyn
Wolves
5 vs 5 Forward
Center Left Wing Right Wing Time % Phy DF OF
1 Mike Zigomanis Cody McLeod Chris Neil 40 1 2 2
2 Rich Peverley Mike Sislo Alexander Perezhogin 30 1 2 2
3 Dan Fritsche Geoff Paukovich Milan Bartovic 20 1 2 2
4 Nathan Davis Chris Terry Tim Crowder 10 1 2 2
5 vs 5 Defense
Defense Defense Time % Phy DF OF
1 Nate Guenin Bruno Gervais 40 1 2 2
2 Matt Gilroy Marc Methot 30 1 2 2
3 Jonas Junland Marc-André Gragnani 20 1 2 2
4 Mark Fayne Mark Katic 10 1 2 2
PowerPlay Forward
Center Left Wing Right Wing Time % Phy DF OF
1 Mike Zigomanis Cody McLeod Chris Neil 60 1 2 2
2 Rich Peverley Mike Sislo Alexander Perezhogin 40 1 2 2
PowerPlay Defense
Defense Defense Time % Phy DF OF
1 Nate Guenin Bruno Gervais 60 1 2 2
2 Matt Gilroy Marc Methot 40 1 2 2
Penalty Kill 4 Players Forward
Center Wing Time % Phy DF OF
1 Chris Neil Alexander Perezhogin 60 1 2 2
2 Mike Zigomanis Rich Peverley 40 1 2 2
Penalty Kill 4 Players Defense
Defense Defense Time % Phy DF OF
1 Nate Guenin Bruno Gervais 60 1 2 2
2 Matt Gilroy Marc Methot 40 1 2 2
Penalty Kill - 3 Players Forward
Forward Time % Phy DF OF
1 Chris Neil 60 1 2 2
2 Alexander Perezhogin 40 1 2 2
Penalty Kill - 3 Players Defense
Defense Defense Time % Phy DF OF
1 Nate Guenin Bruno Gervais 60 1 2 2
2 Matt Gilroy Marc Methot 40 1 2 2
4 vs 4 Forward
Center Wing Time % Phy DF OF
1 Chris Neil Alexander Perezhogin 60 1 2 2
2 Mike Zigomanis Rich Peverley 40 1 2 2
4 vs 4 Defense
Defense Defense Time % Phy DF OF
1 Nate Guenin Bruno Gervais 60 1 2 2
2 Matt Gilroy Marc Methot 40 1 2 2
Last Minutes Offensive
Center Left Wing Right Wing Defense Defense
Mike Zigomanis Cody McLeod Chris Neil Nate Guenin Bruno Gervais
Last Minutes Defensive
Center Left Wing Right Wing Defense Defense
Mike Zigomanis Cody McLeod Chris Neil Nate Guenin Bruno Gervais
Goaltenders
Starting : Loïc Lacasse
Backup : Eddie Lack
Extra Forwards
Normal : Milan Bartovic, Dan Fritsche, Nathan Davis - PP : Milan Bartovic, Dan Fritsche - PK : Nathan Davis
Extra Defensemen
Normal : Jonas Junland, Marc-André Gragnani, Mark Fayne - PP : Jonas Junland - PK : Marc-André Gragnani, Mark Fayne
Penalty Shots
Chris Neil, Alexander Perezhogin, Mike Zigomanis, Rich Peverley, Milan Bartovic
% Time on Ice - Harfangs
Lines # - Real PCT - Wanted PCT - Time Play
Normal Forward
1 - 36% - 40% - 16:47
2 - 25% - 30% - 11:37
3 - 22% - 20% - 10:15
4 - 16% - 10% - 7:35
Normal Defense
1 - 40% - 40% - 18:19
2 - 31% - 30% - 14:24
3 - 26% - 20% - 12:08
4 - 3% - 10% - 1:23
PP Forward
1 - 45% - 60% - 1:44
2 - 55% - 40% - 2:07
PP Defense
1 - 59% - 60% - 2:16
2 - 41% - 40% - 1:35
PK Forward
1 - 68% - 60% - 5:24
2 - 32% - 40% - 2:32
PK Defense
1 - 67% - 60% - 5:21
2 - 33% - 40% - 2:35
PK3 Forward
1 - 0% - 60%
2 - 0% - 40%
PK3 Defense
1 - 0% - 60%
2 - 0% - 40%
44 Forward
1 - 89% - 60% - 1:46
2 - 11% - 40% - 0:13
44 Defense
1 - 82% - 60% - 1:38
2 - 18% - 40% - 0:21
Last Minute Offensive - 0:00
Last Minute Defensive - 0:00
Total
Forward - 60:00
Defense - 60:00
|
% Time on Ice - Wolves
Lines # - Real PCT - Wanted PCT - Time Play
Normal Forward
1 - 33% - 40% - 15:26
2 - 27% - 30% - 12:21
3 - 22% - 20% - 10:07
4 - 18% - 10% - 8:20
Normal Defense
1 - 40% - 40% - 18:42
2 - 31% - 30% - 14:18
3 - 19% - 20% - 8:42
4 - 10% - 10% - 4:32
PP Forward
1 - 64% - 60% - 5:07
2 - 36% - 40% - 2:49
PP Defense
1 - 69% - 60% - 5:28
2 - 31% - 40% - 2:28
PK Forward
1 - 81% - 60% - 3:07
2 - 19% - 40% - 0:44
PK Defense
1 - 65% - 60% - 2:31
2 - 35% - 40% - 1:20
PK3 Forward
1 - 0% - 60%
2 - 0% - 40%
PK3 Defense
1 - 0% - 60%
2 - 0% - 40%
44 Forward
1 - 92% - 60% - 1:50
2 - 8% - 40% - 0:09
44 Defense
1 - 82% - 60% - 1:38
2 - 18% - 40% - 0:21
Last Minute Offensive - 0:00
Last Minute Defensive - 0:00
Total
Forward - 60:00
Defense - 60:00
|
Play by Play
1st period
0:01 of 1st period - Mike Zigomanis wins face-off versus Boyd Gordon in neutral zone.
0:25 of 1st period - Sasha Pokulok is hit by Alexander Perezhogin and loses puck.
0:50 of 1st period - Snap shot by Stephane Da Costa.
0:50 of 1st period - Stopped by Loïc Lacasse without a rebound.
0:51 of 1st period - Nathan Davis wins face-off versus Stephane Da Costa in Wolves zone.
1:26 of 1st period - Slapshot by Cody McLeod.
1:26 of 1st period - Shot Misses the Net.
1:44 of 1st period - Snap shot by Michal Repik.
1:44 of 1st period - Stopped by Loïc Lacasse with a rebound.
1:46 of 1st period - Slapshot by Andrew Orpik.
1:46 of 1st period - Deflect By Luca Caputi.
1:46 of 1st period - Stopped by Loïc Lacasse with a rebound.
1:48 of 1st period - Slapshot by Victor Bartley.
1:48 of 1st period - Deflect By Luca Caputi.
1:48 of 1st period - Shot Misses the Net.
1:48 of 1st period - Puck is out of play.
1:49 of 1st period - Petri Kontiola wins face-off versus Dan Fritsche in Wolves zone.
2:37 of 1st period - Slapshot by Marc-André Gragnani.
2:37 of 1st period - Shot Blocked by Stephane Da Costa.
2:40 of 1st period - Minor Penalty to Brian Lashoff for Hooking.
2:41 of 1st period - Eric Godard wins face-off versus Mike Zigomanis in Harfangs zone.
3:19 of 1st period - Snap shot by Cody McLeod.
3:19 of 1st period - Stopped by Ray Emery with a rebound.
3:21 of 1st period - Slapshot by Chris Neil.
3:21 of 1st period - Shot Misses the Net.
3:23 of 1st period - Snap shot by Nate Guenin.
3:23 of 1st period - Shot Misses the Net.
3:58 of 1st period - Nate Guenin is hit by Eric Godard and loses puck.
4:40 of 1st period - Penalty to Brian Lashoff is over, Brian Lashoff is back on ice.
4:45 of 1st period - Slapshot by Cody McLeod.
4:45 of 1st period - Stopped by Ray Emery without a rebound.
4:46 of 1st period - Alex Killorn wins face-off versus Rich Peverley in Harfangs zone.
4:48 of 1st period - Icing by Luca Caputi.
4:49 of 1st period - Rich Peverley wins face-off versus Alex Killorn in Harfangs zone.
5:15 of 1st period - Off-side.
5:16 of 1st period - Chris Terry wins face-off versus Boyd Gordon in neutral zone.
5:26 of 1st period - Nathan Davis is hit by Eric Godard.
5:49 of 1st period - Slapshot by Pavel Vorobiev.
5:49 of 1st period - Stopped by Loïc Lacasse with a rebound.
6:05 of 1st period - Stefan Ruzicka is hit by Matt Gilroy and loses puck.
6:27 of 1st period - Slapshot by Stefan Ruzicka.
6:27 of 1st period - Shot Hit the Post.
6:47 of 1st period - Wrist shot by Alex Killorn.
6:47 of 1st period - Stopped by Loïc Lacasse with a rebound.
6:49 of 1st period - Snap shot by Andrew Orpik.
6:49 of 1st period - Deflect By Alexander Perezhogin.
6:49 of 1st period - Stopped by Loïc Lacasse with a rebound.
7:02 of 1st period - Icing by Alexander Perezhogin.
7:03 of 1st period - Petri Kontiola wins face-off versus Rich Peverley in Wolves zone.
7:04 of 1st period - Wrist shot by Peter Olvecky.
7:04 of 1st period - Shot Misses the Net.
7:06 of 1st period - Snap shot by Boyd Gordon.
7:06 of 1st period - Shot Misses the Net.
7:08 of 1st period - Wrist shot by Eric Godard.
7:08 of 1st period - Goal by Eric Godard - Harfangs : 1 - Wolves : 0.
7:09 of 1st period - Boyd Gordon wins face-off versus Mike Zigomanis in neutral zone.
7:12 of 1st period - Wrist shot by Sergei Kostitsyn.
7:12 of 1st period - Stopped by Loïc Lacasse with a rebound.
7:34 of 1st period - Milan Bartovic is hit by Pavel Vorobiev and loses puck.
7:41 of 1st period - Slapshot by Pavel Vorobiev.
7:41 of 1st period - Stopped by Loïc Lacasse with a rebound.
7:43 of 1st period - Slapshot by Pavel Vorobiev.
7:43 of 1st period - Shot Misses the Net.
7:45 of 1st period - Snap shot by Pavel Vorobiev.
7:45 of 1st period - Shot Blocked by Bruno Gervais.
7:47 of 1st period - Snap shot by Pavel Vorobiev.
7:47 of 1st period - Stopped by Loïc Lacasse without a rebound.
7:48 of 1st period - Stephane Da Costa wins face-off versus Mike Zigomanis in Wolves zone.
7:51 of 1st period - Snap shot by Stefan Ruzicka.
7:51 of 1st period - Shot Blocked by Marc Methot.
7:55 of 1st period - Slapshot by Stefan Ruzicka.
7:55 of 1st period - Stopped by Loïc Lacasse without a rebound.
7:56 of 1st period - Mike Zigomanis wins face-off versus Stephane Da Costa in Wolves zone.
8:29 of 1st period - Sergei Kostitsyn is hit by Mike Sislo and loses puck.
8:52 of 1st period - Slapshot by Peter Olvecky.
8:52 of 1st period - Stopped by Loïc Lacasse with a rebound.
9:30 of 1st period - Slapshot by Bruno Gervais.
9:30 of 1st period - Shot Blocked by Andrew Orpik.
9:32 of 1st period - Snap shot by Tim Crowder.
9:32 of 1st period - Stopped by Ray Emery without a rebound.
9:33 of 1st period - Boyd Gordon wins face-off versus Nathan Davis in Harfangs zone.
9:46 of 1st period - Snap shot by Eric Godard.
9:46 of 1st period - Stopped by Loïc Lacasse without a rebound.
9:47 of 1st period - Petri Kontiola wins face-off versus Mike Zigomanis in Wolves zone.
9:54 of 1st period - Wrist shot by Mike Zigomanis.
9:54 of 1st period - Stopped by Ray Emery without a rebound.
9:55 of 1st period - Mike Zigomanis wins face-off versus Petri Kontiola in Harfangs zone.
10:16 of 1st period - Chris Neil is hit by Pavel Vorobiev and loses puck.
11:23 of 1st period - Pavel Vorobiev is hit by Chris Neil and loses puck.
11:38 of 1st period - Snap shot by Cody McLeod.
11:38 of 1st period - Stopped by Ray Emery without a rebound.
11:39 of 1st period - Boyd Gordon wins face-off versus Rich Peverley in Harfangs zone.
11:50 of 1st period - Snap shot by Boyd Gordon.
11:50 of 1st period - Shot Misses the Net.
11:52 of 1st period - Snap shot by Boyd Gordon.
11:52 of 1st period - Shot Blocked by Bruno Gervais.
11:54 of 1st period - Slapshot by Boyd Gordon.
11:54 of 1st period - Stopped by Loïc Lacasse with a rebound.
12:04 of 1st period - Stefan Ruzicka is hit by Nate Guenin and loses puck.
12:17 of 1st period - Backhand shot by Dan Fritsche.
12:17 of 1st period - Shot Misses the Net.
12:47 of 1st period - Snap shot by Rich Peverley.
12:47 of 1st period - Deflect By Alexander Perezhogin.
12:47 of 1st period - Shot Blocked by Alex Killorn.
12:47 of 1st period - Puck is out of play.
12:48 of 1st period - Boyd Gordon wins face-off versus Rich Peverley in Harfangs zone.
12:58 of 1st period - Boyd Gordon is hit by Alexander Perezhogin and loses puck.
13:47 of 1st period - Wrist shot by Alex Killorn.
13:47 of 1st period - Stopped by Loïc Lacasse with a rebound.
14:36 of 1st period - Sasha Pokulok is hit by Geoff Paukovich and loses puck.
14:40 of 1st period - Icing by Sasha Pokulok.
14:41 of 1st period - Mike Zigomanis wins face-off versus Alex Killorn in Harfangs zone.
14:42 of 1st period - Slapshot by Chris Neil.
14:42 of 1st period - Shot Blocked by Sasha Pokulok.
14:44 of 1st period - Snap shot by Mike Zigomanis.
14:44 of 1st period - Shot Blocked by Alex Killorn.
14:46 of 1st period - Backhand shot by Chris Neil.
14:46 of 1st period - Goal by Chris Neil - Harfangs : 1 - Wolves : 1.
14:47 of 1st period - Cody McLeod wins face-off versus Boyd Gordon in neutral zone.
15:33 of 1st period - Backhand shot by Dan Fritsche.
15:33 of 1st period - Stopped by Ray Emery without a rebound.
15:34 of 1st period - Geoff Paukovich wins face-off versus Stephane Da Costa in Harfangs zone.
16:01 of 1st period - Wrist shot by Cody McLeod.
16:01 of 1st period - Stopped by Ray Emery without a rebound.
16:02 of 1st period - Boyd Gordon wins face-off versus Mike Zigomanis in Harfangs zone.
16:02 of 1st period - Boyd Gordon is hit by Mike Zigomanis.
16:12 of 1st period - Nate Guenin is hit by Eric Godard and loses puck.
16:19 of 1st period - Snap shot by Boyd Gordon.
16:19 of 1st period - Stopped by Loïc Lacasse with a rebound.
16:21 of 1st period - Wrist shot by Boyd Gordon.
16:21 of 1st period - Goal by Boyd Gordon - Harfangs : 2 - Wolves : 1.
16:22 of 1st period - Mike Zigomanis wins face-off versus Boyd Gordon in neutral zone.
17:57 of 1st period - Wrist shot by Alexander Perezhogin.
17:57 of 1st period - Shot Blocked by Andrew Orpik.
17:59 of 1st period - Slapshot by Rich Peverley.
17:59 of 1st period - Shot Blocked by Eric Godard.
18:01 of 1st period - Wrist shot by Rich Peverley.
18:01 of 1st period - Shot Misses the Net.
18:03 of 1st period - Snap shot by Alexander Perezhogin.
18:03 of 1st period - Shot Misses the Net.
18:11 of 1st period - Backhand shot by Rich Peverley.
18:11 of 1st period - Shot Blocked by Eric Godard.
18:15 of 1st period - Wrist shot by Mike Sislo.
18:15 of 1st period - Stopped by Ray Emery with a rebound.
18:17 of 1st period - Wrist shot by Rich Peverley.
18:17 of 1st period - Shot Misses the Net.
18:19 of 1st period - Slapshot by Marc-André Gragnani.
18:19 of 1st period - Shot Misses the Net.
18:21 of 1st period - Slapshot by Mike Sislo.
18:21 of 1st period - Shot Misses the Net.
18:29 of 1st period - Snap shot by Sergei Kostitsyn.
18:29 of 1st period - Stopped by Loïc Lacasse without a rebound.
18:30 of 1st period - Petri Kontiola wins face-off versus Mike Zigomanis in Wolves zone.
18:45 of 1st period - Snap shot by Pavel Vorobiev.
18:45 of 1st period - Stopped by Loïc Lacasse with a rebound.
19:18 of 1st period - Slapshot by Alexandre Picard.
19:18 of 1st period - Stopped by Loïc Lacasse without a rebound.
19:19 of 1st period - Alex Killorn wins face-off versus Nathan Davis in Wolves zone.
19:34 of 1st period - Snap shot by Alex Killorn.
19:34 of 1st period - Shot Blocked by Bruno Gervais.
19:44 of 1st period - Mike Zigomanis is hit by Sergei Kostitsyn and loses puck.
2nd period
0:01 of 2nd period - Boyd Gordon wins face-off versus Mike Zigomanis in neutral zone.
0:14 of 2nd period - Boyd Gordon is hit by Cody McLeod.
0:38 of 2nd period - Slapshot by Peter Olvecky.
0:38 of 2nd period - Stopped by Loïc Lacasse without a rebound.
0:39 of 2nd period - Petri Kontiola wins face-off versus Rich Peverley in Wolves zone.
0:42 of 2nd period - Snap shot by Peter Olvecky.
0:42 of 2nd period - Stopped by Loïc Lacasse without a rebound.
0:43 of 2nd period - Rich Peverley wins face-off versus Petri Kontiola in Wolves zone.
1:10 of 2nd period - Wrist shot by Cody McLeod.
1:10 of 2nd period - Deflect By Chris Neil.
1:10 of 2nd period - Stopped by Ray Emery without a rebound.
1:11 of 2nd period - Boyd Gordon wins face-off versus Mike Zigomanis in Harfangs zone.
1:16 of 2nd period - Snap shot by Boyd Gordon.
1:16 of 2nd period - Stopped by Loïc Lacasse with a rebound.
1:36 of 2nd period - Alexandre Picard is hit by Alexander Perezhogin and loses puck.
1:43 of 2nd period - Snap shot by Alexander Perezhogin.
1:43 of 2nd period - Shot Blocked by Sasha Pokulok.
1:45 of 2nd period - Snap shot by Rich Peverley.
1:45 of 2nd period - Stopped by Ray Emery without a rebound.
1:46 of 2nd period - Cody McLeod wins face-off versus Petri Kontiola in Harfangs zone.
1:47 of 2nd period - Slapshot by Chris Neil.
1:47 of 2nd period - Deflect By Mike Zigomanis.
1:47 of 2nd period - Stopped by Ray Emery with a rebound.
1:49 of 2nd period - Slapshot by Matt Gilroy.
1:49 of 2nd period - Shot Blocked by Nick Holden.
3:18 of 2nd period - Wrist shot by Peter Olvecky.
3:18 of 2nd period - Shot Misses the Net.
3:20 of 2nd period - Slapshot by Brian Lashoff.
3:20 of 2nd period - Shot Misses the Net.
3:34 of 2nd period - Wrist shot by Milan Bartovic.
3:34 of 2nd period - Shot Misses the Net.
3:36 of 2nd period - Snap shot by Geoff Paukovich.
3:36 of 2nd period - Stopped by Ray Emery with a rebound.
3:38 of 2nd period - Snap shot by Geoff Paukovich.
3:38 of 2nd period - Stopped by Ray Emery without a rebound.
3:39 of 2nd period - Dan Fritsche wins face-off versus Boyd Gordon in Harfangs zone.
4:10 of 2nd period - Snap shot by Alexander Perezhogin.
4:10 of 2nd period - Stopped by Ray Emery without a rebound.
4:11 of 2nd period - Rich Peverley wins face-off versus Peter Olvecky in Harfangs zone.
4:22 of 2nd period - Snap shot by Rich Peverley.
4:22 of 2nd period - Goal by Rich Peverley - Harfangs : 2 - Wolves : 2.
4:23 of 2nd period - Mike Zigomanis wins face-off versus Boyd Gordon in neutral zone.
4:32 of 2nd period - Wrist shot by Mike Zigomanis.
4:32 of 2nd period - Stopped by Ray Emery without a rebound.
4:33 of 2nd period - Boyd Gordon wins face-off versus Mike Zigomanis in Harfangs zone.
4:41 of 2nd period - Minor Penalty to Nate Guenin for Tripping.
4:42 of 2nd period - Boyd Gordon wins face-off versus Chris Neil in Wolves zone.
5:18 of 2nd period - Snap shot by Peter Olvecky.
5:18 of 2nd period - Deflect By Bruno Gervais.
5:18 of 2nd period - Shot Blocked by Alexander Perezhogin.
5:18 of 2nd period - Puck is out of play.
5:19 of 2nd period - Chris Neil wins face-off versus Petri Kontiola in Wolves zone.
6:08 of 2nd period - Cody McLeod is hit by Sasha Pokulok and loses puck.
6:27 of 2nd period - Alexander Perezhogin is hit by Sergei Kostitsyn and loses puck.
6:41 of 2nd period - Penalty to Nate Guenin is over, Nate Guenin is back on ice.
6:47 of 2nd period - Minor Penalty to Sasha Pokulok for Hooking.
6:48 of 2nd period - Mike Zigomanis wins face-off versus Eric Godard in Harfangs zone.
6:49 of 2nd period - Snap shot by Cody McLeod.
6:49 of 2nd period - Shot Misses the Net.
6:51 of 2nd period - Snap shot by Cody McLeod.
6:51 of 2nd period - Shot Blocked by Andrew Orpik.
7:54 of 2nd period - Alexander Perezhogin is hit by Andrew Orpik and loses puck.
8:47 of 2nd period - Penalty to Sasha Pokulok is over, Sasha Pokulok is back on ice.
8:52 of 2nd period - Icing by Alexandre Picard.
8:53 of 2nd period - Alex Killorn wins face-off versus Nathan Davis in Harfangs zone.
8:58 of 2nd period - Wrist shot by Michal Repik.
8:58 of 2nd period - Shot Misses the Net.
9:20 of 2nd period - Snap shot by Dan Fritsche.
9:20 of 2nd period - Deflect By Milan Bartovic.
9:20 of 2nd period - Goal by Milan Bartovic - Harfangs : 2 - Wolves : 3.
9:21 of 2nd period - Sergei Kostitsyn wins face-off versus Chris Neil in neutral zone.
9:46 of 2nd period - Peter Olvecky is hit by Alexander Perezhogin and loses puck.
9:51 of 2nd period - Snap shot by Alexander Perezhogin.
9:51 of 2nd period - Shot Blocked by Alexandre Picard.
10:31 of 2nd period - Snap shot by Nate Guenin.
10:31 of 2nd period - Stopped by Ray Emery without a rebound.
10:32 of 2nd period - Nathan Davis wins face-off versus Boyd Gordon in Harfangs zone.
11:20 of 2nd period - Slapshot by Nate Guenin.
11:20 of 2nd period - Shot Misses the Net.
11:22 of 2nd period - Wrist shot by Chris Terry.
11:22 of 2nd period - Shot Blocked by Stefan Ruzicka.
11:24 of 2nd period - Snap shot by Nathan Davis.
11:24 of 2nd period - Stopped by Ray Emery with a rebound.
11:26 of 2nd period - Wrist shot by Chris Terry.
11:26 of 2nd period - Stopped by Ray Emery without a rebound.
11:27 of 2nd period - Mike Zigomanis wins face-off versus Boyd Gordon in Harfangs zone.
11:34 of 2nd period - Alexandre Picard is hit by Mike Zigomanis.
12:31 of 2nd period - Minor Penalty to Stefan Ruzicka for Interference.
12:32 of 2nd period - Mike Zigomanis wins face-off versus Eric Godard in Harfangs zone.
12:43 of 2nd period - Snap shot by Cody McLeod.
12:43 of 2nd period - Shot Misses the Net.
12:45 of 2nd period - Wrist shot by Cody McLeod.
12:45 of 2nd period - Shot Blocked by Alexandre Picard.
12:47 of 2nd period - Slapshot by Bruno Gervais.
12:47 of 2nd period - Stopped by Ray Emery without a rebound.
12:48 of 2nd period - Eric Godard wins face-off versus Rich Peverley in Harfangs zone.
13:16 of 2nd period - Off-side.
13:17 of 2nd period - Mike Zigomanis wins face-off versus Boyd Gordon in neutral zone.
13:49 of 2nd period - Eric Godard is hit by Alexander Perezhogin and loses puck.
14:31 of 2nd period - Penalty to Stefan Ruzicka is over, Stefan Ruzicka is back on ice.
15:27 of 2nd period - Snap shot by Dan Fritsche.
15:27 of 2nd period - Stopped by Ray Emery with a rebound.
15:29 of 2nd period - Slapshot by Dan Fritsche.
15:29 of 2nd period - Shot Misses the Net.
15:31 of 2nd period - Slapshot by Nate Guenin.
15:31 of 2nd period - Stopped by Ray Emery without a rebound.
15:32 of 2nd period - Mike Zigomanis wins face-off versus Alex Killorn in Harfangs zone.
15:35 of 2nd period - Snap shot by Cody McLeod.
15:35 of 2nd period - Stopped by Ray Emery without a rebound.
15:36 of 2nd period - Alex Killorn wins face-off versus Cody McLeod in Harfangs zone.
18:02 of 2nd period - Wrist shot by Peter Olvecky.
18:02 of 2nd period - Stopped by Loïc Lacasse with a rebound.
18:04 of 2nd period - Snap shot by Petri Kontiola.
18:04 of 2nd period - Shot Misses the Net.
18:14 of 2nd period - Bruno Gervais is hit by Boyd Gordon and loses puck.
18:29 of 2nd period - Wrist shot by Nathan Davis.
18:29 of 2nd period - Stopped by Ray Emery with a rebound.
18:41 of 2nd period - Slapshot by Nate Guenin.
18:41 of 2nd period - Stopped by Ray Emery without a rebound.
18:42 of 2nd period - Rich Peverley wins face-off versus Petri Kontiola in Harfangs zone.
18:55 of 2nd period - Wrist shot by Alexander Perezhogin.
18:55 of 2nd period - Goal by Alexander Perezhogin - Harfangs : 2 - Wolves : 4.
18:56 of 2nd period - Boyd Gordon wins face-off versus Mike Zigomanis in neutral zone.
19:06 of 2nd period - Slapshot by Nate Guenin.
19:06 of 2nd period - Stopped by Ray Emery without a rebound.
19:07 of 2nd period - Mike Zigomanis wins face-off versus Boyd Gordon in Harfangs zone.
19:14 of 2nd period - Snap shot by Cody McLeod.
19:14 of 2nd period - Deflect By Chris Neil.
19:14 of 2nd period - Shot Misses the Net.
19:14 of 2nd period - Puck is out of play.
19:15 of 2nd period - Boyd Gordon wins face-off versus Mike Zigomanis in Harfangs zone.
19:19 of 2nd period - Off-side.
19:20 of 2nd period - Boyd Gordon wins face-off versus Mike Zigomanis in neutral zone.
19:42 of 2nd period - Eric Godard is hit by Nate Guenin and loses puck.
3rd period
0:01 of 3rd period - Sergei Kostitsyn wins face-off versus Mike Zigomanis in neutral zone.
0:04 of 3rd period - Mike Zigomanis is hit by Alexandre Picard and loses puck.
0:27 of 3rd period - Bruno Gervais is hit by Pavel Vorobiev and loses puck.
0:50 of 3rd period - Slapshot by Stefan Ruzicka.
0:50 of 3rd period - Stopped by Loïc Lacasse with a rebound.
0:58 of 3rd period - Stefan Ruzicka is hit by Marc Methot and loses puck.
1:13 of 3rd period - Backhand shot by Nathan Davis.
1:13 of 3rd period - Stopped by Ray Emery without a rebound.
1:14 of 3rd period - Alex Killorn wins face-off versus Mike Zigomanis in Harfangs zone.
1:21 of 3rd period - Slapshot by Alex Killorn.
1:21 of 3rd period - Stopped by Loïc Lacasse without a rebound.
1:22 of 3rd period - Mike Zigomanis wins face-off versus Boyd Gordon in Wolves zone.
1:28 of 3rd period - Off-side.
1:29 of 3rd period - Sergei Kostitsyn wins face-off versus Mike Zigomanis in neutral zone.
1:38 of 3rd period - Wrist shot by Chris Neil.
1:38 of 3rd period - Shot Hit the Post.
1:40 of 3rd period - Snap shot by Chris Neil.
1:40 of 3rd period - Stopped by Ray Emery with a rebound.
1:54 of 3rd period - Petri Kontiola is hit by Mike Sislo and loses puck.
2:17 of 3rd period - Slapshot by Marc Methot.
2:17 of 3rd period - Shot Blocked by Andrew Orpik.
2:19 of 3rd period - Slapshot by Marc-André Gragnani.
2:19 of 3rd period - Shot Blocked by Andrew Orpik.
2:21 of 3rd period - Wrist shot by Tim Crowder.
2:21 of 3rd period - Stopped by Ray Emery with a rebound.
2:23 of 3rd period - Snap shot by Jonas Junland.
2:23 of 3rd period - Shot Blocked by Andrew Orpik.
2:25 of 3rd period - Snap shot by Tim Crowder.
2:25 of 3rd period - Shot Misses the Net.
2:27 of 3rd period - Wrist shot by Chris Terry.
2:27 of 3rd period - Shot Misses the Net.
2:41 of 3rd period - Milan Bartovic is hit by Victor Bartley and loses puck.
2:48 of 3rd period - Snap shot by Michal Repik.
2:48 of 3rd period - Deflect By Luca Caputi.
2:48 of 3rd period - Stopped by Loïc Lacasse with a rebound.
3:24 of 3rd period - Wrist shot by Rich Peverley.
3:24 of 3rd period - Shot Misses the Net.
3:26 of 3rd period - Wrist shot by Rich Peverley.
3:26 of 3rd period - Shot Blocked by Brian Lashoff.
4:00 of 3rd period - Slapshot by Dustin Jeffrey.
4:00 of 3rd period - Stopped by Loïc Lacasse with a rebound.
4:02 of 3rd period - Slapshot by Nick Holden.
4:02 of 3rd period - Stopped by Loïc Lacasse with a rebound.
4:04 of 3rd period - Snap shot by Stefan Ruzicka.
4:04 of 3rd period - Shot Blocked by Milan Bartovic.
4:20 of 3rd period - Sasha Pokulok is hit by Chris Neil and loses puck.
4:27 of 3rd period - Matt Gilroy is hit by Alex Killorn and loses puck.
4:42 of 3rd period - Wrist shot by Rich Peverley.
4:42 of 3rd period - Shot Misses the Net.
4:48 of 3rd period - Marc Methot is hit by Petri Kontiola and loses puck.
5:44 of 3rd period - Snap shot by Alex Killorn.
5:44 of 3rd period - Shot Misses the Net.
5:46 of 3rd period - Slapshot by Victor Bartley.
5:46 of 3rd period - Deflect By Luca Caputi.
5:46 of 3rd period - Goal by Luca Caputi - Harfangs : 3 - Wolves : 4.
5:47 of 3rd period - Boyd Gordon wins face-off versus Mike Zigomanis in neutral zone.
5:56 of 3rd period - Wrist shot by Eric Godard.
5:56 of 3rd period - Deflect By Cody McLeod.
5:56 of 3rd period - Stopped by Loïc Lacasse without a rebound.
5:57 of 3rd period - Boyd Gordon wins face-off versus Mike Zigomanis in Wolves zone.
6:20 of 3rd period - Snap shot by Sergei Kostitsyn.
6:20 of 3rd period - Stopped by Loïc Lacasse without a rebound.
6:21 of 3rd period - Petri Kontiola wins face-off versus Rich Peverley in Wolves zone.
6:53 of 3rd period - Minor Penalty to Matt Gilroy for Interference.
6:53 of 3rd period - Minor Penalty to Sergei Kostitsyn for Slashing.
6:54 of 3rd period - Eric Godard wins face-off versus Chris Neil in neutral zone.
7:10 of 3rd period - Icing by Alexander Perezhogin.
7:11 of 3rd period - Chris Neil wins face-off versus Eric Godard in Wolves zone.
7:53 of 3rd period - Slapshot by Alexandre Picard.
7:53 of 3rd period - Shot Blocked by Bruno Gervais.
8:01 of 3rd period - Slapshot by Alexander Perezhogin.
8:01 of 3rd period - Stopped by Ray Emery with a rebound.
8:03 of 3rd period - Slapshot by Chris Neil.
8:03 of 3rd period - Stopped by Ray Emery with a rebound.
8:05 of 3rd period - Slapshot by Bruno Gervais.
8:05 of 3rd period - Shot Misses the Net.
8:07 of 3rd period - Snap shot by Alexander Perezhogin.
8:07 of 3rd period - Stopped by Ray Emery with a rebound.
8:09 of 3rd period - Snap shot by Chris Neil.
8:09 of 3rd period - Goal by Chris Neil - Harfangs : 3 - Wolves : 5.
8:10 of 3rd period - Eric Godard wins face-off versus Chris Neil in neutral zone.
8:13 of 3rd period - Chris Neil is hit by Eric Godard and loses puck.
8:24 of 3rd period - Wrist shot by Boyd Gordon.
8:24 of 3rd period - Stopped by Loïc Lacasse with a rebound.
8:26 of 3rd period - Slapshot by Andrew Orpik.
8:26 of 3rd period - Shot Misses the Net.
8:30 of 3rd period - Wrist shot by Boyd Gordon.
8:30 of 3rd period - Goal by Boyd Gordon - Harfangs : 4 - Wolves : 5.
8:31 of 3rd period - Eric Godard wins face-off versus Chris Neil in neutral zone.
8:53 of 3rd period - Penalty to Matt Gilroy is over, Matt Gilroy is back on ice.
8:53 of 3rd period - Penalty to Sergei Kostitsyn is over, Sergei Kostitsyn is back on ice.
9:28 of 3rd period - Wrist shot by Dustin Jeffrey.
9:28 of 3rd period - Stopped by Loïc Lacasse with a rebound.
9:30 of 3rd period - Slapshot by Andrew Orpik.
9:30 of 3rd period - Shot Blocked by Dan Fritsche.
9:46 of 3rd period - Andrew Orpik is hit by Jonas Junland and loses puck.
9:51 of 3rd period - Snap shot by Cody McLeod.
9:51 of 3rd period - Shot Misses the Net.
10:01 of 3rd period - Luca Caputi is hit by Alexander Perezhogin and loses puck.
12:13 of 3rd period - Snap shot by Stefan Ruzicka.
12:13 of 3rd period - Stopped by Loïc Lacasse with a rebound.
12:15 of 3rd period - Slapshot by Alexandre Picard.
12:15 of 3rd period - Stopped by Loïc Lacasse without a rebound.
12:16 of 3rd period - Petri Kontiola wins face-off versus Rich Peverley in Wolves zone.
12:41 of 3rd period - Chris Neil is hit by Boyd Gordon and loses puck.
12:51 of 3rd period - Cody McLeod is hit by Boyd Gordon and loses puck.
14:09 of 3rd period - Snap shot by Chris Neil.
14:09 of 3rd period - Goal by Chris Neil - Harfangs : 4 - Wolves : 6.
14:10 of 3rd period - Boyd Gordon wins face-off versus Mike Zigomanis in neutral zone.
14:21 of 3rd period - Wrist shot by Boyd Gordon.
14:21 of 3rd period - Deflect By Sergei Kostitsyn.
14:21 of 3rd period - Shot Hit the Post.
14:21 of 3rd period - Puck is out of play.
14:22 of 3rd period - Boyd Gordon wins face-off versus Mike Zigomanis in Wolves zone.
14:23 of 3rd period - Wrist shot by Eric Godard.
14:23 of 3rd period - Shot Blocked by Cody McLeod.
14:43 of 3rd period - Minor Penalty to Petri Kontiola for Roughing.
14:44 of 3rd period - Eric Godard wins face-off versus Mike Zigomanis in Harfangs zone.
15:18 of 3rd period - Pavel Vorobiev is hit by Mike Sislo and loses puck.
16:13 of 3rd period - Bruno Gervais is hit by Eric Godard.
16:17 of 3rd period - Pavel Vorobiev is hit by Mike Zigomanis.
16:43 of 3rd period - Penalty to Petri Kontiola is over, Petri Kontiola is back on ice.
17:23 of 3rd period - Off-side.
17:24 of 3rd period - Boyd Gordon wins face-off versus Rich Peverley in neutral zone.
18:05 of 3rd period - Mike Sislo is hit by Sasha Pokulok and loses puck.
18:07 of 3rd period - Minor Penalty to Mike Sislo for Holding.
18:08 of 3rd period - Chris Neil wins face-off versus Boyd Gordon in Wolves zone.
18:08 of 3rd period - Alexander Perezhogin is hit by Eric Godard and loses puck.
18:58 of 3rd period - Eric Godard is hit by Mike Zigomanis and loses puck.
Output by the SimonT Hockey Simulator (STHS) for François Prévost -- Original Page W3C XHTML 1.0 Valid